TOP OF THE 1ST |
Otsego HS Bulldogs batting - Pitching for Fort Worth HS Turkeys : LHP Silas Hampton
|
Pitching: LHP Silas Hampton
|
|
Batting: RHB Mike Tate
|
0-0: SINGLE (Line Drive, 56D)
|
Batting: RHB Miguel Vega
|
0-0: Called Strike 0-1: Ball 1-1: Foul Ball, location: 2F 1-2: Fly out, F7 (Flyball, 7)
|
Batting: RHB Robbie Barnes
|
0-0: Ball 1-0: Called Strike 1-1: Called Strike 1-2: Foul Ball, location: 2F 1-2: Ball 2-2: Foul Ball, location: 2F 2-2: Ground out 3-1 (Groundball, 34S) Mike Tate to second
|
Batting: RHB Sam Elder
|
0-0: Called Strike 0-1: Ball 1-1: Fly out, F8 (Flyball, 78M)
|
Top of the 1st over - 0 run(s), 1 hit(s), 0 error(s), 1 left on base; Otsego HS 0 - Fort Worth HS 0 |
BOTTOM OF THE 1ST |
Fort Worth HS Turkeys batting - Pitching for Otsego HS Bulldogs : RHP Gordon Long
|
Pitching: RHP Gordon Long
|
|
Batting: LHB Fernando García
|
0-0: Fly out, F5 (Line Drive, 5)
|
Batting: RHB Mal Roberson
|
0-0: SINGLE (Line Drive, 7S)
|
Batting: RHB Bill Ménard
|
0-0: Hit by Pitch Mal Roberson to second
|
Batting: RHB Tristan Vincent
|
0-0: Foul Ball, location: 2F 0-1: Ball 1-1: Ball 2-1: Ball 3-1: Base on Balls Mal Roberson to third Bill Ménard to second
|
Batting: LHB Francisco Madraso
|
0-0: Called Strike 0-1: Ball 1-1: Ball Wild Pitch! Mal Roberson scores Bill Ménard to third Tristan Vincent to second 2-1: Fly out, F9 (Flyball, 9D) Runner from 3rd tags up, SCORES, no throw
|
Batting: RHB Fred Smith
|
0-0: Ball 1-0: Ball 2-0: Ball 3-0: Called Strike 3-1: Called Strike 3-2: 2-RUN HOME RUN (Line Drive, 7LD), Distance : 346 ft
|
Pitching: RHP Clint George
|
|
Batting: RHB Denny Dennis
|
0-0: Ball 1-0: Swinging Strike 1-1: SINGLE (Groundball, 56D)
|
Batting: RHB Terry McRa
|
0-0: Called Strike 0-1: Ball 1-1: Foul Ball, location: 2F 1-2: Ball 2-2: Ball 3-2: Foul Ball, location: 2F 3-2: Ground out 5-3 (Groundball, 56S)
|
Bottom of the 1st over - 4 run(s), 3 hit(s), 0 error(s), 1 left on base; Otsego HS 0 - Fort Worth HS 4 |
TOP OF THE 2ND |
Otsego HS Bulldogs batting - Pitching for Fort Worth HS Turkeys : LHP Silas Hampton
|
Batting: LHB Bill Poe
|
0-0: Swinging Strike 0-1: Ball 1-1: SINGLE (Line Drive, 3D)
|
Batting: RHB Dan Miller
|
0-0: Called Strike 0-1: Grounds into double play, 6-4-3 (Groundball, 56)
|
Batting: RHB Leonard Brown
|
0-0: Foul Ball, location: 2F 0-1: Called Strike 0-2: Ball 1-2: Ball 2-2: Ball 3-2: Foul Ball, location: 2F 3-2: Foul Ball, location: 2F 3-2: Base on Balls
|
Batting: RHB Tim Anderson
|
0-0: Foul Ball, location: 2F 0-1: Ball 1-1: Fly out, F9 (Flyball, 89S)
|
Top of the 2nd over - 0 run(s), 1 hit(s), 0 error(s), 1 left on base; Otsego HS 0 - Fort Worth HS 4 |
BOTTOM OF THE 2ND |
Fort Worth HS Turkeys batting - Pitching for Otsego HS Bulldogs : RHP Clint George
|
Batting: RHB Ken Adams
|
0-0: Ball 1-0: Ball 2-0: Ball 3-0: Called Strike 3-1: Base on Balls
|
Batting: LHB Fernando García
|
0-0: Called Strike 0-1: Ball 1-1: Called Strike Ken Adams steals 2nd base 1-2: Ball 2-2: Fly out, F7 (Flyball, 78S)
|
Batting: RHB Mal Roberson
|
0-0: Called Strike 0-1: Ball 1-1: Foul Ball, location: 2F 1-2: Ball 2-2: Ground out 5-3 (Groundball, 56S) Ken Adams to third
|
Batting: RHB Bill Ménard
|
0-0: Called Strike 0-1: Ball 1-1: Foul Ball, location: 2F 1-2: Ball 2-2: DOUBLE (Line Drive, 7LM) Ken Adams scores
|
Batting: RHB Tristan Vincent
|
0-0: Called Strike 0-1: Swinging Strike 0-2: Ball 1-2: Ball 2-2: Foul Ball, location: 2F 2-2: Ball 3-2: Base on Balls
|
Batting: LHB Francisco Madraso
|
0-0: Foul Ball, location: 2F 0-1: Ball 1-1: Ground out 4-3 (Groundball, 4MD)
|
Bottom of the 2nd over - 1 run(s), 1 hit(s), 0 error(s), 2 left on base; Otsego HS 0 - Fort Worth HS 5 |
TOP OF THE 3RD |
Otsego HS Bulldogs batting - Pitching for Fort Worth HS Turkeys : LHP Silas Hampton
|
Batting: RHB Pedro Ayala
|
0-0: Called Strike 0-1: Ball 1-1: Called Strike 1-2: Ball 2-2: Foul Ball, location: 2F 2-2: Foul Ball, location: 2F 2-2: Strikes out swinging
|
Batting: RHB Mike Tate
|
0-0: Swinging Strike 0-1: Ball 1-1: Foul Ball, location: 2F 1-2: Ball 2-2: Ball 3-2: Fly out, F8 (Line Drive, 8LM)
|
Batting: RHB Miguel Vega
|
0-0: Called Strike 0-1: Foul Ball, location: 2F 0-2: Reached on error, E5 (Groundball, 5)
|
Batting: RHB Robbie Barnes
|
0-0: Called Strike 0-1: Swinging Strike 0-2: Strikes out swinging
|
Top of the 3rd over - 0 run(s), 0 hit(s), 1 error(s), 1 left on base; Otsego HS 0 - Fort Worth HS 5 |
BOTTOM OF THE 3RD |
Fort Worth HS Turkeys batting - Pitching for Otsego HS Bulldogs : RHP Clint George
|
Batting: RHB Fred Smith
|
0-0: Foul Ball, location: 2F 0-1: Foul Ball, location: 2F 0-2: Strikes out swinging
|
Batting: RHB Denny Dennis
|
0-0: Foul Ball, location: 2F 0-1: Fly out, F7 (Flyball, 7LS)
|
Batting: RHB Terry McRa
|
0-0: Ball 1-0: Called Strike 1-1: Foul Ball, location: 2F 1-2: Ground out 5-3 (Groundball, 5)
|
Bottom of the 3rd over - 0 run(s), 0 hit(s), 0 error(s), 0 left on base; Otsego HS 0 - Fort Worth HS 5 |
TOP OF THE 4TH |
Otsego HS Bulldogs batting - Pitching for Fort Worth HS Turkeys : LHP Silas Hampton
|
Batting: RHB Sam Elder
|
0-0: Ball 1-0: Swinging Strike 1-1: Swinging Strike 1-2: Fly out, F7 (Flyball, 78M)
|
Batting: LHB Bill Poe
|
0-0: Ball 1-0: Ball 2-0: Swinging Strike 2-1: Ground out 6-3 (Groundball, 6)
|
Batting: RHB Dan Miller
|
0-0: Called Strike 0-1: Ball 1-1: Foul Ball, location: 2F 1-2: Ball 2-2: Ground out U3 (Groundball, 34)
|
Top of the 4th over - 0 run(s), 0 hit(s), 0 error(s), 0 left on base; Otsego HS 0 - Fort Worth HS 5 |
BOTTOM OF THE 4TH |
Fort Worth HS Turkeys batting - Pitching for Otsego HS Bulldogs : RHP Clint George
|
Pitching: RHP Jorge Alarcon
|
|
Batting: RHB Ken Adams
|
0-0: Swinging Strike 0-1: Ball 1-1: Ball 2-1: Swinging Strike 2-2: Ground out 6-3 (Groundball, 6)
|
Batting: LHB Fernando García
|
0-0: Foul Ball, location: 2F 0-1: Foul Ball, location: 2F 0-2: Ball 1-2: Foul Ball, location: 2F 1-2: Ball 2-2: Ball 3-2: SINGLE (Line Drive, 4D)
|
Batting: RHB Mal Roberson
|
0-0: Called Strike 0-1: Ball 1-1: Ball 2-1: Ball 3-1: Foul Ball, location: 2F 3-2: Base on Balls Fernando García to second
|
Batting: RHB Bill Ménard
|
0-0: Ball 1-0: Ball 2-0: Ball 3-0: Called Strike 3-1: Swinging Strike 3-2: Foul Ball, location: 2F 3-2: SINGLE (Line Drive, 6D) Fernando García to third Mal Roberson to second
|
Batting: RHB Tristan Vincent
|
0-0: Ball 1-0: Fly out, F4 (Popup, 34D)
|
Batting: LHB Francisco Madraso
|
0-0: Swinging Strike 0-1: Ball 1-1: Ball 2-1: Ball 3-1: Base on Balls Fernando García scores Mal Roberson to third Bill Ménard to second
|
Batting: RHB Fred Smith
|
0-0: SINGLE (Flyball, 9LM) Mal Roberson scores Bill Ménard to third Francisco Madraso to second
|
Batting: RHB Denny Dennis
|
0-0: Called Strike 0-1: Ball 1-1: Ball 2-1: Foul Ball, location: 2F 2-2: Ball 3-2: SINGLE (Line Drive, 5D) Bill Ménard scores Francisco Madraso to third Fred Smith to second Francisco Madraso scores Fred Smith to third
|
Pitching: RHP Casey Scott
|
|
Batting: RHB Terry McRa
|
0-0: Called Strike 0-1: Called Strike 0-2: Ball 1-2: Ball 2-2: Strikes out swinging
|
Bottom of the 4th over - 4 run(s), 4 hit(s), 0 error(s), 2 left on base; Otsego HS 0 - Fort Worth HS 9 |
TOP OF THE 5TH |
Otsego HS Bulldogs batting - Pitching for Fort Worth HS Turkeys : LHP Silas Hampton
|
Batting: RHB Leonard Brown
|
0-0: Ground out 6-3 (Groundball, 6)
|
Batting: RHB Tim Anderson
|
0-0: Ball 1-0: Ball 2-0: Ball 3-0: Base on Balls
|
Batting: RHB Pedro Ayala
|
0-0: Ball 1-0: Called Strike 1-1: Ball 2-1: Foul Ball, location: 2F 2-2: SINGLE (Line Drive, 7LS) Tim Anderson to second
|
Batting: RHB Mike Tate
|
0-0: Ball 1-0: Ball 2-0: Swinging Strike 2-1: Called Strike 2-2: Strikes out swinging
|
Batting: RHB Miguel Vega
|
0-0: Called Strike 0-1: Ball 1-1: SINGLE (Line Drive, 6MD) Tim Anderson to third Pedro Ayala to second Runner from 3rd tries for Home, SAFE, throw made at trailing runner, OUT at third!
|
Top of the 5th over - 1 run(s), 2 hit(s), 0 error(s), 1 left on base; Otsego HS 1 - Fort Worth HS 9 |
BOTTOM OF THE 5TH |
Fort Worth HS Turkeys batting - Pitching for Otsego HS Bulldogs : RHP Casey Scott
|
Batting: RHB Ken Adams
|
0-0: Called Strike 0-1: Ground out 6-3 (Groundball, 6)
|
Batting: LHB Fernando García
|
0-0: Foul Ball, location: 2F 0-1: Swinging Strike 0-2: Foul Ball, location: 2F 0-2: Strikes out looking
|
Batting: RHB Mal Roberson
|
0-0: Swinging Strike 0-1: Ball 1-1: Foul Ball, location: 2F 1-2: Strikes out looking
|
Bottom of the 5th over - 0 run(s), 0 hit(s), 0 error(s), 0 left on base; Otsego HS 1 - Fort Worth HS 9 |
TOP OF THE 6TH |
Otsego HS Bulldogs batting - Pitching for Fort Worth HS Turkeys : LHP Silas Hampton
|
Pitching: RHP Juan Reyes
|
|
Batting: RHB Robbie Barnes
|
0-0: Foul Ball, location: 2F 0-1: Foul Ball, location: 2F 0-2: Foul Ball, location: 2F 0-2: Ball 1-2: Foul Ball, location: 2F 1-2: Ball 2-2: SINGLE (Groundball, 6MD)
|
Batting: RHB Sam Elder
|
0-0: Ball 1-0: Called Strike 1-1: Ball 2-1: Swinging Strike 2-2: Strikes out looking
|
Batting: LHB Bill Poe
|
0-0: Called Strike 0-1: Called Strike 0-2: Hit by Pitch Robbie Barnes to second
|
Batting: RHB Dan Miller
|
0-0: Ball Robbie Barnes steals 3rd base Bill Poe to second 1-0: Foul Ball, location: 2F 1-1: Foul Ball, location: 2F 1-2: Ball 2-2: Foul Ball, location: 2F 2-2: Foul Ball, location: 2F 2-2: Foul Ball, location: 2F 2-2: Foul Ball, location: 2F 2-2: Foul Ball, location: 2F 2-2: Strikes out swinging
|
Batting: RHB Leonard Brown
|
0-0: Ball 1-0: Called Strike 1-1: Called Strike 1-2: Strikes out swinging
|
Top of the 6th over - 0 run(s), 1 hit(s), 0 error(s), 2 left on base; Otsego HS 1 - Fort Worth HS 9 |
BOTTOM OF THE 6TH |
Fort Worth HS Turkeys batting - Pitching for Otsego HS Bulldogs : RHP Casey Scott
|
Batting: RHB Bill Ménard
|
0-0: Ground out 6-3 (Groundball, 6MS)
|
Batting: RHB Tristan Vincent
|
0-0: Ball 1-0: Called Strike 1-1: Foul Ball, location: 2F 1-2: Ball 2-2: Ball 3-2: Foul Ball, location: 2F 3-2: Fly out, F4 (Popup, 34)
|
Batting: LHB Francisco Madraso
|
0-0: Called Strike 0-1: Foul Ball, location: 2F 0-2: Foul Ball, location: 2F 0-2: Ball 1-2: SINGLE (Groundball, 3D)
|
Batting: RHB Fred Smith
|
0-0: Ball 1-0: Ball 2-0: Foul Ball, location: 2F 2-1: Foul Ball, location: 2F 2-2: Ball 3-2: Foul Ball, location: 2F 3-2: Base on Balls Francisco Madraso to second
|
Batting: RHB Denny Dennis
|
0-0: Foul Ball, location: 2F 0-1: Ball 1-1: Fly out, F8 (Flyball, 8RS)
|
Bottom of the 6th over - 0 run(s), 1 hit(s), 0 error(s), 2 left on base; Otsego HS 1 - Fort Worth HS 9 |
TOP OF THE 7TH |
Otsego HS Bulldogs batting - Pitching for Fort Worth HS Turkeys : RHP Juan Reyes
|
Batting: RHB Tim Anderson
|
0-0: Ball 1-0: Foul Ball, location: 2F 1-1: Ground out 4-3 (Groundball, 4)
|
Pitching: LHP Sherman Gordon
|
|
Batting: RHB Pedro Ayala
|
0-0: Ball 1-0: Fly out, F4 (Popup, 4D)
|
Batting: RHB Mike Tate
|
0-0: Ball 1-0: Fly out, F8 (Flyball, 8LS)
|
Top of the 7th over - 0 run(s), 0 hit(s), 0 error(s), 0 left on base; Otsego HS 1 - Fort Worth HS 9 |
BOTTOM OF THE 7TH |
Fort Worth HS Turkeys batting - Pitching for Otsego HS Bulldogs : RHP Casey Scott
|
Batting: RHB Terry McRa
|
0-0: Called Strike 0-1: Called Strike 0-2: Strikes out swinging
|
Batting: RHB Ken Adams
|
0-0: Ball 1-0: Called Strike 1-1: Foul Ball, location: 2F 1-2: Strikes out looking
|
Batting: LHB Fernando García
|
0-0: Called Strike 0-1: Swinging Strike 0-2: Ball 1-2: Ball 2-2: Ball 3-2: SOLO HOME RUN (Flyball, 9D), Distance : 359 ft
|
Batting: RHB Mal Roberson
|
0-0: Ball 1-0: Swinging Strike 1-1: Called Strike 1-2: Ball 2-2: Foul Ball, location: 2F 2-2: Ball 3-2: Foul Ball, location: 2F 3-2: Strikes out looking
|
Bottom of the 7th over - 1 run(s), 1 hit(s), 0 error(s), 0 left on base; Otsego HS 1 - Fort Worth HS 10 |
TOP OF THE 8TH |
Otsego HS Bulldogs batting - Pitching for Fort Worth HS Turkeys : LHP Sherman Gordon
|
Batting: RHB Miguel Vega
|
0-0: Called Strike 0-1: Foul Ball, location: 2F 0-2: Ball 1-2: Ball 2-2: Foul Ball, location: 2F 2-2: Ball 3-2: Base on Balls
|
Batting: RHB Robbie Barnes
|
0-0: SINGLE (Groundball, 34D) Miguel Vega to second Throwing error, E9 Miguel Vega scores Robbie Barnes to second
|
Batting: RHB Sam Elder
|
0-0: Called Strike 0-1: Foul Ball, location: 2F 0-2: Strikes out swinging
|
Batting: LHB Bill Poe
|
0-0: Ball 1-0: Swinging Strike 1-1: Ball 2-1: Foul Ball, location: 2F 2-2: Strikes out looking
|
Batting: RHB Dan Miller
|
0-0: Ball 1-0: Ball 2-0: Ball 3-0: Called Strike 3-1: Base on Balls
|
Batting: RHB Leonard Brown
|
0-0: Ball 1-0: Ball 2-0: Fly out, F6 (Line Drive, 6)
|
Top of the 8th over - 1 run(s), 1 hit(s), 1 error(s), 2 left on base; Otsego HS 2 - Fort Worth HS 10 |
BOTTOM OF THE 8TH |
Fort Worth HS Turkeys batting - Pitching for Otsego HS Bulldogs : RHP Casey Scott
|
Pitching: LHP Melvin Smith
|
|
Batting: RHB Bill Ménard
|
0-0: Ball 1-0: Ball 2-0: Called Strike 2-1: SOLO HOME RUN (Line Drive, 78XD), Distance : 383 ft
|
Batting: RHB Tristan Vincent
|
0-0: Called Strike 0-1: Foul Ball, location: 2F 0-2: Ball 1-2: Ball 2-2: Foul Ball, location: 2F 2-2: Ball 3-2: Foul Ball, location: 2F 3-2: SINGLE (Line Drive, 8LS)
|
Batting: LHB Francisco Madraso
|
0-0: Foul Ball, location: 2F 0-1: Called Strike 0-2: Ball 1-2: Foul Ball, location: 2F 1-2: Ball 2-2: SINGLE (Flyball, 78M) Tristan Vincent to second
|
Batting: RHB Fred Smith
|
0-0: Called Strike 0-1: Ball 1-1: Swinging Strike 1-2: Foul Ball, location: 2F 1-2: Ball 2-2: DOUBLE (Line Drive, 7LM) Tristan Vincent scores Francisco Madraso to third
|
Batting: RHB Denny Dennis
|
0-0: Called Strike 0-1: Foul Ball, location: 2F 0-2: Ground out 6-3 (Groundball, 6) Francisco Madraso scores
|
Pitching: LHP Bob Hill
|
|
Batting: RHB Terry McRa
|
0-0: Foul Ball, location: 2F 0-1: SINGLE (Groundball, 6D) Fred Smith to third
|
Batting: RHB Ken Adams
|
0-0: 3-RUN HOME RUN (Flyball, 7LD), Distance : 323 ft
|
Batting: LHB Fernando García
|
0-0: Called Strike 0-1: Called Strike 0-2: Ball 1-2: Ball 2-2: Ball 3-2: Strikes out swinging
|
Batting: RHB Mal Roberson
|
0-0: Ball 1-0: Called Strike 1-1: Foul Ball, location: 2F 1-2: Foul Ball, location: 2F 1-2: Ball 2-2: Foul Ball, location: 2F 2-2: Ball 3-2: Base on Balls
|
Batting: RHB Bill Ménard
|
0-0: Called Strike 0-1: Swinging Strike 0-2: Foul Ball, location: 2F 0-2: Foul Ball, location: 2F 0-2: Foul Ball, location: 2F 0-2: Ball 1-2: Strikes out looking
|
Bottom of the 8th over - 6 run(s), 6 hit(s), 0 error(s), 1 left on base; Otsego HS 2 - Fort Worth HS 16 |
TOP OF THE 9TH |
Otsego HS Bulldogs batting - Pitching for Fort Worth HS Turkeys : LHP Sherman Gordon
|
Batting: RHB Tim Anderson
|
0-0: Ball 1-0: SINGLE (Groundball, 6MD)
|
Batting: RHB Pedro Ayala
|
0-0: Reached on error, E5 (Groundball, 5S) Tim Anderson to second
|
Pitching: RHP Mario Benoit
|
|
Batting: RHB Mike Tate
|
0-0: Ball 1-0: Swinging Strike 1-1: Ball 2-1: Fly out, F6 (Popup, 6D)
|
Pinch Hitting: LHB Dave Wilkinson
|
0-0: Called Strike 0-1: Fly out, F8 (Flyball, 8RM)
|
Batting: RHB Robbie Barnes
|
0-0: Called Strike 0-1: Foul Ball, location: 2F 0-2: Strikes out looking
|
Top of the 9th over - 0 run(s), 1 hit(s), 1 error(s), 2 left on base; Otsego HS 2 - Fort Worth HS 16 |
|